Description

Very simple, economic factory only mech. +1/+1 cyclone hellion attack, followed by +2/+2 thor hellbat attack. Useful for improving macro while meching.

Build Order

Why is there no SALT encoding or Overwolf build?

  14  0:17  Supply Depot  
  15  0:28  Refinery  
  16    Barracks  
  17    SCV scout  
  19    Orbital Command  
  19    Reaper  
  20    Command Center  
  20    Factory  
  20    Barracks Reactor  
  20    Supply Depot  
  21    Refinery  
  33  3:30  Command Center  
  35    Supply Depot  
  42    Supply Depot  
  42    Refinery x2  
  51    Supply Depot  
  51    Factory x2  
  54    Supply Depot  
  60  5:15  Engineering Bay, Armory x2  
  72    Supply Depot  
  72    Supply Depot  
  85    Supply Depot  
  85    Supply Depot  
  85    Refinery  
  85    Refinery  
  85    Factory  
  85    Factory  
  85    Factory  
  98    Supply Depot  
  98    Supply Depot  
  108    Supply Depot 3 ups  
  108    Supply Depot  
  108    Supply Depot  
  118    Supply Depot  
  118    Supply Depot  
  118    Supply Depot  
  127  8:00  Command Center  
  167  9:00  Terran Ship Weapons Level 2, Action, Terran Ship Armor Level 2 attack  
  200  10:00  Command Center x4, Factory x2, Refinery x2  
  200  12:30  Factory x6, Action attack  
Spawning Tool Build Advisor. Get it on Overwolf

Go to:

Details

  • Created by: HouseQuark
  • Published on: Jan 12, 2018
  • Modified on: Jan 12, 2018
  • Patch: 4.0.0
Show

Export as new Build Order

Comments (2)

On Jan. 13, 2018, 8:33 a.m., HouseQuark  said:

On Jan. 12, 2018, 9:03 p.m., Seizon  said:

Can't learn anything from the build without knowing which units you make and when.

Create an account to comment!